 Dungeon Crawl Stone Soup version 0.23.2-1-ga50397a (webtiles) character file.

Game seed: 5718137999886091667

1437 xveg the Shooter (level 8, 0/68 HPs)
             Began as a Minotaur Hunter on May 8, 2019.
             Was a Follower of Makhleb.
             Slain by a sky beast (5 damage)
             ... on level 6 of the Dungeon.
             The game lasted 00:16:21 (4393 turns).

xveg the Shooter (Minotaur Hunter)                  Turns: 4393, Time: 00:16:21

Health: 0/68       AC:  7    Str: 17    XL:     8   Next: 45%
Magic:  7/7        EV: 13    Int:  8    God:    Makhleb [*.....]
Gold:   204        SH:  0    Dex: 13    Spells: 7/7 levels left

rFire    . . .     SeeInvis .   x - +1 shortbow
rCold    . . .     Gourm    .   (shield currently unavailable)
rNeg     + . .     Faith    .   q - +3 leather armour {rN+}
rPois    .         Spirit   .   (helmet restricted)
rElec    .         Reflect  .   C - +0 cloak
rCorr    .         Harm     .   (no gloves)
MR       .....                  (no boots)
Stlth    +.........             (no amulet)
HPRegen  0.21/turn              (no ring)
MPRegen  0.10/turn              (no ring)

@: no status effects
A: retaliatory headbutt, horns 2
a: Renounce Religion


You were on level 6 of the Dungeon.
You worshipped Makhleb.
Makhleb was aware of your devotion.
You were not hungry.

You visited 1 branch of the dungeon, and saw 6 of its levels.

You collected 424 gold pieces.
You spent 220 gold pieces at shops.

Inventory:

Hand Weapons
 a - a +1 hunting sling
 x - a +1 shortbow (weapon)
 B - a +1 short sword of distortion
Missiles
 d - 24 sling bullets
 i - 72 stones
 p - 33 arrows (quivered)
 s - 8 javelins
 A - 44 bolts
 F - 12 poisoned needles
Armour
 c - a +0 leather armour
 l - a +0 ring mail
 q - a +3 leather armour of positive energy (worn)
 C - a +0 cloak (worn)
Wands
 z - a wand of flame (21)
Scrolls
 e - 5 scrolls of identify
 m - 2 scrolls of remove curse
 t - a scroll of torment {unknown}
 u - 2 scrolls of fog
 v - 3 scrolls of teleportation
 y - 2 scrolls of enchant weapon
 E - a scroll of magic mapping
 G - a scroll of immolation
Potions
 g - a potion of magic
 h - 2 potions of brilliance {unknown}
 j - 2 potions of might
 k - a potion of invisibility {unknown}
 n - 2 potions of agility {unknown}
 o - a potion of flight {unknown}
 r - a potion of mutation {unknown}
 w - a potion of degeneration {unknown}
 H - a potion of haste {unknown}
Miscellaneous
 D - a box of beasts
Comestibles
 f - 9 rations


   Skills:
 + Level 5.1 Fighting
 + Level 7.5 Slings
 * Level 7.7 Bows
 * Level 3.2 Armour
 + Level 3.0 Dodging
 + Level 1.0 Stealth


You had 7 spell levels left.
You didn't know any spells.
Your spell library contained the following spells:

 Spells                   Type           Power        Failure   Level  Hunger
 Leda's Liquefaction      Hex/Erth       #.........   99%         4    #####..
 Bolt of Magma            Conj/Fire/Erth #.........   100%        5    ######.
 Iron Shot                Conj/Erth      #.........   100%        6    #######
 Statue Form              Tmut/Erth      #........    100%        6    #######
 Shatter                  Erth           #.........   100%        9    #######


Dungeon Overview and Level Annotations

Branches:
Dungeon (6/15)             Temple (0/1) D:4

Altars:
Cheibriados
Makhleb
Sif Muna
The Shining One

Shops:
D:4 %   D:5 }   D:6 }


Innate Abilities, Weirdness & Mutations

You reflexively headbutt those who attack you in melee.
You have a pair of horns on your head.


Message History

The sky beast is heavily wounded.
The sky beast closely misses you. You furiously retaliate!
You headbutt the sky beast, but do no damage.
Firing (i - inventory. (/) - cycle)
p - 35 arrows (quivered)
Press: ? - help, Shift-Dir - straight line, f/p - sky beast
Aim: a sky beast (heavily wounded)
You shoot an arrow. The arrow hits the sky beast!
The sky beast is almost dead.
The sky beast hits you.
* * * LOW HITPOINT WARNING * * *
The sky beast shocks you.
* * * LOW HITPOINT WARNING * * *
Firing (i - inventory. (/) - cycle)
p - 34 arrows (quivered)
Press: ? - help, Shift-Dir - straight line, f/p - sky beast
Aim: a sky beast (almost dead)
You shoot an arrow. The arrow closely misses the sky beast.
The sky beast hits you.
* * * LOW HITPOINT WARNING * * *
The sky beast shocks you.
You die...

#.....###...##
.####...#..## .
###....###### .. .
##.......... #.#
..####...#.#..#.. ...#
.....#.#(#.#.## ..##
#.........# ###.$.##..
#..>..∩.######...#....
####..........@........
........#..####Y###...
.....#...##.((...# .#
....>#....###H.#####.##
####....#...#..###(...###
##.............(.....#
#........##..#((..#...
#......................
#...................##.


You could see a sky beast.

Vanquished Creatures
  A phantom (D:4)
  2 sky beasts
  3 ogres
  2 centaurs
  2 scorpions
  2 crimson imps
  An orc priest (D:5)
  2 hounds (D:5)
  3 orc wizards
  An iguana (D:5)
  Terence (D:3)
  3 worker ants
  8 gnolls
  7 adders
  An ooze (D:1)
  An adder zombie (D:5)
  3 dart slugs
  2 leopard geckos
  5 orcs (D:5)
  4 giant cockroaches
  2 goblins
  10 hobgoblins
  9 jackals
  4 kobolds
  2 quokkas
  A ball python (D:1)
  A bat (D:1)
  9 frilled lizards
  A leopard gecko skeleton (D:5)
  A leopard gecko zombie (D:6)
  2 quokka skeletons (D:4)
  10 rats
106 creatures vanquished.

Vanquished Creatures (collateral kills)
  An ogre (D:6)
1 creature vanquished.

Grand Total: 107 creatures vanquished

Notes
Turn   | Place    | Note
-------+----------+-------------------------------------------
     0 | D:1      | xveg the Minotaur Hunter began the quest for the Orb.
     0 | D:1      | Reached XP level 1. HP: 18/18 MP: 0/0
   125 | D:1      | Reached XP level 2. HP: 25/25 MP: 1/1
   197 | D:1      | Reached skill level 5 in Slings
   462 | D:1      | Reached XP level 3. HP: 29/30 MP: 2/2
   508 | D:1      | Reached skill level 1 in Armour
   713 | D:2      | Noticed a sky beast
   723 | D:2      | Killed a sky beast
   723 | D:2      | Reached XP level 4. HP: 28/38 MP: 3/3
   723 | D:2      | Reached XP level 5. HP: 33/45 MP: 4/4
  1021 | D:2      | Found a burning altar of Makhleb.
  1040 | D:2      | Became a worshipper of Makhleb the Destroyer
  1660 | D:3      | Noticed Terence
  1667 | D:3      | Killed Terence
  1699 | D:3      | Found a snail-covered altar of Cheibriados.
  1852 | D:4      | Noticed a phantom
  1883 | D:4      | Killed a phantom
  1883 | D:4      | Reached XP level 6. HP: 22/51 MP: 5/5
  2627 | D:4      | Reached XP level 7. HP: 20/60 MP: 6/6
  2900 | D:4      | Found Dejac's Food Shop.
  2910 | D:4      | Reached * piety under Makhleb
  2986 | D:4      | Found a staircase to the Ecumenical Temple.
  3108 | D:4      | Found a deep blue altar of Sif Muna.
  3171 | D:5      | Entered Level 5 of the Dungeon
  3218 | D:4      | Reached skill level 5 in Bows
  3578 | D:5      | Reached XP level 8. HP: 67/67 MP: 7/7
  3611 | D:5      | Reached skill level 5 in Fighting
  3728 | D:5      | Found Jootang's Gadget Shoppe.
  3782 | D:5      | Bought a box of beasts for 220 gold pieces
  3878 | D:5      | Found a glowing golden altar of the Shining One.
  4188 | D:6      | Reached skill level 1 in Stealth
  4226 | D:6      | Found Guanomah's Gadget Shoppe.
  4393 | D:6      | Slain by a sky beast

Skill      XL: |  1  2  3  4  5  6  7  8 |
---------------+-------------------------+-----
Slings         | 5 6 7 |  7.5
Armour         | 1 2 3 |  3.2
Fighting       | 3 4 5 |  5.1
Bows           | 2 3 5 7 |  7.7
Dodging        | 3 |  3.0
Stealth        | 1 |  1.0

Action                   |  1- 3 |  4- 6 |  7- 9 || total
-------------------------+-------+-------+-------++-------
Melee: Shortbow          |       |       |     6 ||     6
       Headbutt          |       |       |     2 ||     2
 Fire: Hunting sling     |    87 |    51 |    13 ||   151
       Shortbow          |       |    84 |   160 ||   244
Throw: Stone             |       |     6 |       ||     6
Evoke: Box of beasts     |       |       |     4 ||     4
  Use: Scroll            |       |     1 |    10 ||    11
       Potion            |       |       |     3 ||     3
  Eat: Ration            |       |     2 |     1 ||     3
Armor: Leather armour    |     3 |    19 |    36 ||    58
       Ring mail         |     3 |       |       ||     3
Dodge: Dodged            |    15 |    41 |    49 ||   105
